 Dungeon Crawl Stone Soup version 0.29-a0-551-gffc1d7fb78 (webtiles) character file.

Game seed: 12310504012388758959

2 greena the Firebug (level 1, 18/18 HPs)
             Began as a Human Cinder Acolyte on June 5, 2022.
             Was a High Priest of Ignis.
             Quit the game on level 1 of the Dungeon.
             The game lasted 00:01:13 (143 turns).

greena the Firebug (Human Cinder Acolyte)            Turns: 143, Time: 00:01:13

Health: 18/18      AC:  2    Str: 14    XL:     1   Next: 44%
Magic:  2/2        EV: 11    Int: 14    God:    Ignis [*****.]
Gold:   11         SH:  0    Dex:  8    Spells: 2/2 levels left

rFire   + . .      SeeInvis .   a - -1 spear (flame)
rCold   . . .      Faith    .   (no shield)
rNeg    . . .      Spirit   .   b - +0 robe
rPois   .          Reflect  .   (no helmet)
rElec   .          Harm     .   (no cloak)
rCorr   .          Rampage  .   (no gloves)
Will    .....                   (no boots)
Stlth   +.........              (no amulet)
HPRegen 0.06/turn               (no ring)
MPRegen 0.08/turn               (no ring)

@: no status effects
A: no striking features
a: Renounce Religion, Fiery Armour, Foxfire Swarm, Rising Flame


You were on level 1 of the Dungeon.
You worshipped Ignis.
Ignis was extremely pleased with you.
You visited 1 branch of the dungeon, and saw 1 of its levels.

You collected 11 gold pieces.

Inventory:

Hand Weapons
 a - a -1 spear of flaming (weapon)
Armour
 b - a +0 robe (worn)
Scrolls
 c - a scroll of enchant weapon {unknown}


   Skills:
 + Level 3.0 Fighting
 + Level 3.0 Polearms
 + Level 1.0 Spellcasting
 + Level 3.2 Fire Magic


You had 2 spell levels left.
You didn't know any spells.
Your spell library contained the following spells:

 Spells                   Type           Power      Damage    Failure   Level
 Scorch                   Fire           18%        2d5       11%         2


Dungeon Overview and Level Annotations

Branches:
Dungeon (1/15)

Altars:


Message History

Found a staircase leading out of the dungeon.
Okay, then.
You open the door.
There is an open door here.
An endoplasm comes into view.
The endoplasm quivers.
Okay, then.
Reach: a) -1 spear (flame)
Press: ? - help, Dir - move target, f - endoplasm
Aim: an endoplasm (about 15% to evade your -1 spear of flaming)
You reach to attack!
You hit the endoplasm but do no damage.
Reach: a) -1 spear (flame)
Press: ? - help, Dir - move target, f/p - endoplasm
Aim: an endoplasm (about 15% to evade your -1 spear of flaming)
You hit the endoplasm. You burn the endoplasm.
The endoplasm is almost dead.
The endoplasm hits you but does no damage.
You hit the endoplasm. You burn the endoplasm.
You kill the endoplasm!
You start waiting.
Done waiting.
Found 11 gold pieces.
Found a scroll labelled LUPOETENEY.
Found a ring mail.
c - a scroll labelled LUPOETENEY You now have 11 gold pieces.
A hobgoblin comes into view.
The hobgoblin shouts!
You see here a +0 ring mail.
Reach: a) -1 spear (flame)
Press: ? - help, Dir - move target, f - hobgoblin
Aim: a hobgoblin (about 43% to evade your -1 spear of flaming)
You reach to attack!
You hit the hobgoblin. You burn the hobgoblin.
The hobgoblin is severely wounded.
You hit the hobgoblin. You burn the hobgoblin.
You kill the hobgoblin!
Unknown command.
There's nothing to open nearby.
You aren't carrying any pieces of jewellery.
Are you sure you want to abandon this character and quit the game? (Confirm with "yes".)

#..... #..........#
#.....##..........#
#.................#
.....#.####...#### ###
#..#...#..######
##...#..........
###.^....###.#####
##....##### #..# ##
#.@.#..# ##.##..
#....##.# #.....
#....####.#######...##
#.....# #.........###
...... #........#
...... #.+++'++.##
..... +....+..# .....
+.<..+...# +....+.#.#


There were no monsters in sight!

Vanquished Creatures
  An endoplasm (D:1)
  A hobgoblin (D:1)
2 creatures vanquished.

Notes
Turn   | Place    | Note
-------+----------+-------------------------------------------
     0 | D:1      | greena the Human Cinder Acolyte began the quest for the
                  | Orb.
     0 | D:1      | Reached XP level 1. HP: 18/18 MP: 2/2
   143 | D:1      | Quit the game

Illustrated notes

Levels and vault maps discovered:
D:1:      lightli_arrival_maybe_door_vault, layout_rooms, serial_shops, shop,
          minmay_crystal_room

Action                   || total
-------------------------++-------
Melee: Spear             ||     5
Armor: Robe              ||     1

Table legend: (Time is in decaauts)
 A = Elapsed time spent in this place.
 B = Non-inter-level travel time spent in this place.
 C = Inter-level travel time spent in this place.
 D = Time resting spent in this place.
 E = Time spent auto-exploring this place.
 F = Levels seen in this place.
 G = Mean time per level.
                   A        B        C        D        E       F      G
               +--------+--------+--------+--------+--------+-----+--------+
         Total |    142 |    142 |      0 |    100 |      0 |   1 |  142.0 |
       Dungeon |    142 |    142 |      0 |    100 |      0 |   1 |  142.0 |
               +--------+--------+--------+--------+--------+-----+--------+

Top non-repeatable levels by time:
     D:1: 142 daAuts
